 Dungeon Crawl Stone Soup version 0.29.1-1-gd02db6906a (webtiles) character file.

Game seed: 11359492534602024592

351 Kaiern the Shooter (level 6, -1/43 HPs)
             Began as an Octopode Hunter on Oct 6, 2022.
             Slain by a gnoll
             ... wielding a +0 spear
              (3 damage)
             ... on level 3 of the Dungeon.
             The game lasted 00:05:24 (2382 turns).

Kaiern the Shooter (Octopode Hunter)                Turns: 2382, Time: 00:05:25

Health: -1/43      AC:  1    Str: 10    XL:     6   Next: 61%
Magic:  6/6        EV: 14    Int: 12    God:
Gold:   120        SH:  0    Dex: 17    Spells: 5/5 levels left

rFire   . . .      SeeInvis +   a - +0 shortbow
rCold   . . .      Faith    .   (shield currently unavailable)
rNeg    . . .      Spirit   .   (helmet restricted)
rPois   .          Reflect  .   (no amulet)
rElec   .          Harm     .   g - ring of see invisible
rCorr   .          Rampage  .   (no ring)
Will    .....                   (no ring)
Stlth   ++++......              (no ring)
HPRegen 0.14/turn               (no ring)
MPRegen 0.10/turn               (no ring)
                                (no ring)
                                (no ring)

@: no status effects
A: almost no armour, amphibious, 8 rings, camouflage 1, gelatinous body 1,
(nimble swimmer 1), tentacles
a: no special abilities


You were on level 3 of the Dungeon.
You visited 1 branch of the dungeon, and saw 3 of its levels.

You collected 120 gold pieces.

Inventory:

Hand Weapons
 a - a +0 shortbow (weapon)
Jewellery
 g - a ring of see invisible (left tentacle)
Scrolls
 b - a scroll of immolation
 c - 4 scrolls of fog {unknown}
 d - 2 scrolls of teleportation {unknown}
 f - a scroll of enchant armour {unknown}
 h - 6 scrolls of identify {unknown}
 j - a scroll of amnesia {unknown}
Potions
 e - 2 potions of might {unknown}
 i - a potion of mutation {unknown}
 k - a potion of magic {unknown}
 l - a potion of heal wounds {unknown}
 m - a potion of resistance {unknown}


   Skills:
 + Level 3.7 Fighting
 + Level 5.2 Ranged Weapons
 + Level 3.7 Dodging
 + Level 4.6 Stealth


You had 5 spell levels left.
You didn't know any spells.
Your spell library was empty.

Dungeon Overview and Level Annotations

Branches:
Dungeon (3/15)

Altars:

Shops:
D:2 *   D:3 !(


Innate Abilities, Weirdness & Mutations

You cannot wear most types of armour.
You are amphibious.
You can wear up to eight rings at the same time.
Your skin changes colour to match your surroundings (Stealth+).
Your rubbery body absorbs attacks. (AC +1, EV +1)
((You are camouflaged when in or above water. (Stealth+)))
You have tentacles for arms and can constrict up to eight enemies at once.


Message History

The orc hits you with a +0 falchion.
* * * LOW HITPOINT WARNING * * *
The gnoll hits you from afar with a +0 spear.
* * * LOW HITPOINT WARNING * * *
Fire: a) +0 shortbow
Press: ? - help, Q - select action Shift-Dir - straight line, f/p - orc
Aim: an orc, wielding a +0 falchion (almost dead, 63% to hit)
You shoot an arrow. The arrow barely misses the orc.
The arrow hits the gnoll.
The gnoll is almost dead.
The orc closely misses you. The gnoll hits you but does no damage.
The orc misses you. The gnoll barely misses you.
Fire: a) +0 shortbow
Press: ? - help, Q - select action Shift-Dir - straight line, f/p - orc
Aim: an orc, wielding a +0 falchion (almost dead, 63% to hit)
You shoot an arrow. The arrow hits the orc!
You kill the orc!
The gnoll closely misses you.
Fire: a) +0 shortbow
Press: ? - help, Q - select action Shift-Dir - straight line, f - gnoll
Aim: a gnoll, wielding a +0 spear (almost dead, 66% to hit)
You shoot an arrow. The arrow barely misses the gnoll. x2
The gnoll misses you.
Fire: a) +0 shortbow
Press: ? - help, Q - select action Shift-Dir - straight line, f/p - gnoll
Aim: a gnoll, wielding a +0 spear (almost dead, 66% to hit)
You shoot an arrow. The arrow hits the gnoll.
You kill the gnoll!
Fire: a) +0 shortbow
Press: ? - help, Q - select action Shift-Dir - straight line, f - gnoll
Aim: a gnoll, wielding a +0 spear (66% to hit)
You shoot an arrow. The arrow closely misses the gnoll.
The arrow hits the orc.
The orc is severely wounded.
The gnoll barely misses you. The gnoll closely misses you.
Fire: a) +0 shortbow
Press: ? - help, Q - select action Shift-Dir - straight line, f/p - gnoll
Aim: a gnoll, wielding a +0 spear (66% to hit)
You shoot an arrow. The arrow hits the gnoll.
The gnoll is lightly wounded.
The gnoll hits you from afar with a +0 spear.
You die...

########..######
................
~~≈~~≈~..[.~~~~~
≈≈≈~≈≈≈....~~≈≈≈
≈~~~~~~....~~~~≈
................
#####
#######''''#####
#.....#######....#
#....og)@...'....+
#.....#######....#
##### ##++##


You could see a gnoll and an orc.

Vanquished Creatures
  Grinder (D:3)
  A gnoll (D:3)
  7 adders
  A worm (D:2)
  2 dart slugs (D:2)
  4 orcs (D:3)
  10 ball pythons
  7 endoplasms
  A giant cockroach (D:1)
  4 goblins
  7 hobgoblins
  4 jackals (D:3)
  3 kobolds
  A quokka (D:1)
  6 bats
  5 frilled lizards
  3 rats
67 creatures vanquished.

Notes
Turn   | Place    | Note
-------+----------+-------------------------------------------
     0 | D:1      | Kaiern the Octopode Hunter began the quest for the Orb.
     0 | D:1      | Reached XP level 1. HP: 14/14 MP: 1/1
   156 | D:1      | Reached XP level 2. HP: 19/19 MP: 2/2
   274 | D:1      | You fall into a shaft and drop 1 floor!
   416 | D:1      | Reached XP level 3. HP: 11/25 MP: 3/3
   977 | D:2      | Found Catsis's Assorted Antiques.
  1125 | D:2      | Found a faded altar of an unknown god.
  1263 | D:2      | Reached XP level 4. HP: 30/30 MP: 4/4
  1947 | D:3      | Found Kyly's Antique Weapon Boutique.
  1959 | D:3      | Found Ugaos's Distillery.
  1991 | D:3      | Noticed Grinder
  1993 | D:3      | Paralysed by Grinder for 3 turns
  2001 | D:3      | Paralysed by Grinder for 2 turns
  2011 | D:3      | Paralysed by Grinder for 4 turns
  2015 | D:3      | Killed Grinder
  2016 | D:3      | Reached skill level 5 in Ranged Weapons
  2016 | D:3      | Reached XP level 5. HP: 10/36 MP: 5/5
  2016 | D:3      | Reached XP level 6. HP: 12/42 MP: 6/6
  2376 | D:3      | HP: 1/43 [gnoll/+0 spear (5)]
  2382 | D:3      | Slain by a gnoll

Illustrated notes

Levels and vault maps discovered:
D:1:      dpeg_arrival_tiny_e, layout_loops_ring
D:2:      layout_rooms, serial_shops, shop, chequers_ecumenical_altar_island,
          kennysheep_cross_room, minmay_snake_closets
D:3:      lemuel_castle_with_subvaults [lemuel_castle_interior_original],
          layout_basic, serial_shops, nicolae_shop_window_shopping,
          nicolae_diamond_shop, nicolae_shop_stone, nicolae_shop_behind_doors,
          shop, uniq_grinder

Skill      XL: |  1  2  3  4 |
---------------+-------------+-----
Stealth        | 2 4 |  4.6
Fighting       | 3 |  3.7
Dodging        | 3 |  3.7
Ranged Weapons | 5 |  5.2

Action                   |  1- 3 |  4- 6 || total
-------------------------+-------+-------++-------
 Fire: Shortbow          |    94 |   106 ||   200
Armor: Skin              |     4 |     8 ||    12
Dodge: Dodged            |    27 |    70 ||    97
